 Dungeon Sprint DCSS version 0.31.0-11-ge490571c62 (webtiles) character file.

Game seed: 7203475046492714443

399963 SmokeWeed the Minotaur Barricade (level 20, -6/216 HPs)
             Began as a Minotaur Fighter on Feb 5, 2024.
             Was the Champion of Okawaru.
             Killed by a guardian mummy's death curse (10 damage)
             ... in the Dungeon (Sprint IX: "|||||||||||||||||||||||||||||").
             The game lasted 01:05:54 (8809 turns).

SmokeWeed the Minotaur Barricade (Minotaur Fighter) Turns: 8809, Time: 01:05:55

Health: -6/216     AC: 40    Str: 38    XL:     20   Next: 4%
Magic:  35/35      EV: 30    Int: 11    God:    Okawaru [******]
Gold:   1156       SH: 29    Dex: 24    Spells: 19/19 levels left

rFire   . . .        B - +5 demon blade of Balance {drain, +Blink Str+9 Stlth-}
rCold   + . .        s - +1 tower shield {rPois}
rNeg    + . .        E - +10 plate armour {rPois}
rPois   +            l - +2 hat
rElec   +            y - scarf of Dim Light {shadows, +Inv Str+7}
rCorr   .            c - +0 pair of gloves of the Kettle-Drum {Fly rC+}
SInv    .            M - +2 pair of boots
Will    +....        a - amulet of regeneration
Stlth   ++++         S - ring "Coeklos" {rElec rN+ Dex+2 Slay+3}
HPRegen 1.36/turn    R - ring "Kuraac" {Int+6 Dex+4}
MPRegen 0.24/turn

%: no teleportation, random rage (3%)
@: flying, unable to drink
A: horns 2, retaliatory headbutt, berserk 1, inability to drink after injury 1
}: 7/17 runes: decaying, serpentine, barnacled, slimy, elven, silver, gossamer
a: Renounce Religion, Evoke Blink, Evoke Invisibility, Heroism, Finesse


You were in the Dungeon.
You worshipped Okawaru.
Okawaru was exalted by your worship.
You visited 1 branch You collected 2007 gold pieces.
You spent 851 gold pieces at shops.

Inventory:

Hand Weapons
 n - a +2 scimitar of holy wrath
 B - the +5 demon blade of Balance (weapon) {drain, +Blink Str+9 Stlth-}
   (You found it in the Dungeon)

   Str+9:     It affects your strength (+9).
   +Blink:    It lets you blink.
   Stlth-:    It makes you less stealthy.
 H - a +8 scimitar of flaming
 Q - the +11 plutonium sword {^Contam Stlth-}
   (Okawaru gifted it to you in the Dungeon)

   ^Contam:   It causes magical contamination when unequipped.
   Stlth-:    It makes you less stealthy.
Missiles
 b - 7 boomerangs
 j - 15 silver javelins (quivered)
 w - a curare-tipped dart
 z - 3 throwing nets
 C - 3 darts of dispersal
 D - 7 javelins
 G - 6 datura-tipped darts
 O - 11 atropa-tipped darts
Armour
 c - the +0 pair of gloves of the Kettle-Drum (worn) {Fly rC+}
   (You found it in the Dungeon)

   rC+:       It protects you from cold.
   Fly:       It grants you flight.
 l - a +2 hat (worn)
 s - a +1 tower shield of poison resistance (worn)
 y - the scarf of Dim Light (worn) {shadows, +Inv Str+7}
   (Okawaru gifted it to you in the Dungeon)

   Str+7:     It affects your strength (+7).
   +Inv:      It lets you turn invisible.
 E - a +10 plate armour of poison resistance (worn)
 I - the +0 cloak of Eleradoh {Will+ Str+3}
   (You bought it in a shop in the Dungeon)

   Str+3:     It affects your strength (+3).
   Will+:     It increases your willpower.
 M - a +2 pair of boots (worn)
 P - a +2 kite shield
Jewellery
 a - an amulet of regeneration (around neck)
 R - the ring "Kuraac" (right hand) {Int+6 Dex+4}
   (You found it in the Dungeon)

   [ring of intelligence]

   Int+6:     It affects your intelligence (+6).
   Dex+4:     It affects your dexterity (+4).
 S - the ring "Coeklos" (left hand) {rElec rN+ Dex+2 Slay+3}
   (You found it in the Dungeon)

   [ring of slaying]

   Dex+2:     It affects your dexterity (+2).
   Slay+3:    It affects your accuracy & damage with ranged weapons and melee
   (+3).
   rElec:     It insulates you from electricity.
   rN+:       It protects you from negative energy.
Talismans
 r - the serpent talisman "Joos" {rF+}
   (You took it off Aizul in the Dungeon)

   [serpent talisman]

   rF+:       It protects you from fire.
Wands
 A - a wand of roots (9)
Scrolls
 k - 2 scrolls of amnesia
 t - 3 scrolls of identify
 u - 3 scrolls of fog
 v - 9 scrolls of fear
 x - a scroll of immolation
 T - a scroll of blinking
 U - 6 scrolls of enchant weapon
Potions
 d - 8 potions of haste
 e - 7 potions of curing
 f - 12 potions of heal wounds
 g - a potion of resistance
 h - 9 potions of magic
 i - 3 potions of berserk rage
 o - a potion of might
 F - 3 potions of mutation
 J - a potion of invisibility
 K - a potion of brilliance


   Skills:
 O Level 27 Fighting
 O Level 27 Long Blades
 O Level 27 Throwing
 O Level 27 Armour
 O Level 27 Dodging
 * Level 26.1 Stealth
 O Level 27 Shields
 + Level 25.0 Invocations
 O Level 27 Evocations


You had 19 spell levels left.
You didn't know any spells.
Your spell library contained the following spells:

 Spells                   Type           Power      Damage    Failure   Level
 Jinxbite                 Hex            0%         N/A       75%         2
 Anguish                  Hex/Necr       0%         N/A       100%        4
 Manifold Assault         Tloc           0%         N/A       100%        4
 Yara's Violent Unravell  Hex/Alch       0%         3d3       100%        5
 Dispersal                Tloc           0%         N/A       100%        6
 Enfeeble                 Hex            0%         N/A       100%        7
 Disjunction              Tloc           0%         N/A       100%        8
 Call Canine Familiar     Summ           Unusable   N/A       N/A         3
 Summon Mana Viper        Hex/Summ       Unusable   N/A       N/A         5

Dungeon Overview and Level Annotations

Branches:
Dungeon (1/1)

Altars:
Cheibriados
Dithmenos
Elyvilon
Fedhas
Gozag
Hepliaklqana
Kikubaaqudgha
Makhleb
Nemelex Xobeh
Okawaru
Qazlal
Ru
Sif Muna
Trog
Uskayaw
Vehumet
Wu Jian
Xom
Yredelemnul
Zin
The Shining One
Jiyva
Lugonu

Shops:
D =?[*


Innate Abilities, Weirdness & Mutations

You have a pair of horns on your head.
You reflexively headbutt those who attack you in melee.
You sometimes lose your temper in combat.
You occasionally lose the ability to drink potions when taking damage.


Message History

You feel yourself speed up.
A guardian mummy comes into view.
You slice the royal mummy!!
The royal mummy is severely damaged.
The royal mummy calls on the powers of darkness!
The emperor scorpion convulses!
Your body is wracked with pain!
* * * LOW HITPOINT WARNING * * *
You block the royal mummy's attack.
You hit the royal mummy. You headbutt the royal mummy!
The royal mummy is almost destroyed.
You block the royal mummy's attack.
You slice the royal mummy!! You headbutt the royal mummy.
The royal mummy is almost destroyed.
You slice the royal mummy like a ripe choko!!!
You destroy the royal mummy!
Okawaru is honoured by your kill.
The emperor scorpion disappears in a puff of smoke!
You feel extremely nervous for a moment...
Your body is wracked with pain!
* * * LOW HITPOINT WARNING * * *
The royal mummy points at you and mumbles some strange words.
Something smites you!
* * * LOW HITPOINT WARNING * * *
Your Stealth skill increases to level 26!
Your Invocations skill increases to level 25!
Throw: 16 javelins (silver)
Press: ? - help, Q - select action, (/) - cycle Shift-Dir - straight line, f - royal mummy
Aim: a royal mummy (heavily damaged, 87% to hit)
You throw a silver javelin.
The silver javelin pierces through the royal mummy but does no damage.
The royal mummy is heavily damaged.
The silver javelin barely misses the death scarab.
The silver javelin pierces through the guardian mummy!!!!
You destroy the guardian mummy!
Okawaru accepts your kill.
The silver javelin pierces through the guardian mummy!
The guardian mummy is moderately damaged.
You feel extremely nervous for a moment...
Pain shoots through your body!
You die...

▓▓▓▓▓▓▓▓▓▓▓▓▓▓▓▓▓▓▓▓▓▓▓
.......'........@'MB..M
▓▓▓▓▓▓▓▓▓▓▓▓▓▓▓▓▓▓▓▓▓▓▓▓▓▓▓▓▓▓▓▓▓
.................................
♣♣♣♣♣▓▓▓▓▓▓▓▓▓▓▓▓▓▓▓▓▓▓▓▓▓▓▓▓▓▓▓▓
....)'))))))))).....'............
♣♣♣♣♣▓▓▓▓▓▓▓▓▓▓▓▓▓▓▓▓▓▓▓▓▓▓▓▓▓▓▓▓
.................................
▓▓▓▓▓▓▓▓▓▓▓▓▓▓▓▓▓▓▓▓▓▓▓▓▓▓▓▓▓▓▓▓▓
.......'.'.'.'..†)..........'....


You could see a royal mummy, a guardian mummy and a death scarab (summoned).

Vanquished Creatures
  the Royal Jelly (D)
  Frederick (D)
  Mennas (D)
  4 ancient liches (D)
  2 orbs of fire (D)
  Sojobo (D)
  Boris (D)
  3 royal mummies (D)
  A Killer Klown (D)
  A curse toe (D)
  Jory (D)
  Nikola (D)
  2 golden dragons (D)
  A bone dragon (D)
  2 electric golems (D)
  5 tentacled monstrosities (D)
  30 Orb Guardians (D)
  A quicksilver dragon (D)
  2 liches (D)
  A titan (D)
  A deep elf blademaster (D)
  4 death cobs (D)
  7 acid blobs (D)
  Frances (D)
  13 sphinxes (D)
  Kirke (D)
  9 shadow dragons (D)
  2 tengu reavers (D)
  Aizul (D)
  4 storm dragons (D)
  7 rockslimes (D)
  6 nagarajas (D)
  5 azure jellies (D)
  Ilsuiw (D)
  3 draconian knights (D)
  5 emperor scorpions (D)
  A draconian shifter (D)
  2 draconian scorchers (D)
  A draconian monk (D)
  3 frost giants (D)
  3 ghost moths (D)
  4 fire giants (D)
  A deep elf sorcerer (D)
  3 vault wardens (D)
  2 draconian stormcallers (D)
  3 very ugly things (D)
  2 ironbound preservers (D)
  7 stone giants (D)
  3 quicksilver oozes (D)
  2 ironbound thunderhulks (D)
  3 black draconians (D)
  10 vampire knights (D)
  A green draconian (D)
  3 deep elf death magi (D)
  2 deep elf demonologists (D)
  Azrael (D)
  5 deep elf annihilators (D)
  3 yellow draconians (D)
  2 bunyips (D)
  6 white draconians (D)
  3 red draconians (D)
  2 purple draconians (D)
  3 dire elephants (D)
  7 merfolk javelineers (D)
  5 merfolk impalers (D)
  3 ettins (D)
  A fire dragon (D)
  2 yaktaur captains (D)
  5 deep elf high priests (D)
  Erolcha (D)
  Harold (D)
  A rakshasa (D)
  25 vault guards (D)
  9 hydras (D)
  3 ice dragons (D)
  3 ironbound frosthearts (D)
  A radroach (D)
  A spriggan air mage (D)
  An ogre mage (D)
  A two-headed ogre (D)
  A death yak (D)
  Erica (D)
  A naga warrior (D)
  A tengu warrior (D)
  5 centaur warriors (D)
  2 merfolk aquamancers (D)
  A deep troll earth mage (D)
  2 deep troll shamans (D)
  2 boulder beetles (D)
  2 demonic crawlers (D)
  Urug (D)
  A naga sharpshooter (D)
  An occultist (D)
  A spriggan berserker (D)
  3 shock serpents (D)
  3 orc high priests (D)
  A vampire mage (D)
  A hell knight (D)
  A goliath frog (D)
  A spriggan druid (D)
  A skyshark (D)
  A flayed ghost (D)
  A pharaoh ant (D)
  A glowing orange brain (D)
  7 swamp dragons (D)
  A phantasmal warrior (D)
  3 arcanists (D)
  2 ironbound convokers (D)
  A steelbarb worm (D)
  A bog body (D)
  8 orc knights (D)
  2 wolf spiders (D)
  A steelbarb worm (shapeshifter) (D)
  A deep elf pyromancer (D)
  A lindwurm (D)
  2 orc sorcerers (D)
  2 ugly things (D)
  9 moths of wrath (D)
  A cyclops (shapeshifter) (D)
  A will-o-the-wisp (D)
  A merfolk siren (D)
  4 guardian serpents (D)
  6 elephants (D)
  A naga mage (D)
  A meliai (D)
  3 black mambas (D)
  2 cane toads (D)
  5 vault sentinels (D)
  2 rime drakes (D)
  5 komodo dragons (D)
  22 guardian mummies (D)
  A polar bear (D)
  A wind drake (shapeshifter) (D)
  4 merfolk (D)
  A tarantella (D)
  2 glass eyes (D)
  2 blink frogs (D)
  4 jumping spiders (D)
  11 spriggans (D)
  A wraith (D)
  2 slime creatures (D)
  A water elemental (D)
  A wyvern (D)
  5 hogs (D)
  A yak (D)
  A golden eye (D)
  2 fire elementals (D)
  A human (D)
  2 redbacks (D)
  3 nagas (D)
  3 water moccasins (D)
  4 hell hounds (D)
  A swamp drake (D)
  8 orc warriors (D)
  An ogre (D)
  A centaur (D)
  A kobold brigand (D)
  A gnoll sergeant (D)
  A howler monkey (D)
  A jelly (D)
  An orc priest (D)
  3 orc wizards (D)
  A dart slug (D)
  14 orcs (D)
  An endoplasm (D)
  2 quokkas (D)
  A kobold (D)
  2 rats (D)
507 creatures vanquished.

Vanquished Creatures (others)
  A merfolk aquamancer (D)
  A two-headed ogre (D)
2 creatures vanquished.

Grand Total: 509 creatures vanquished

Notes
Turn   | Place    | Note
-------+----------+-------------------------------------------
     0 | D        | SmokeWeed the Minotaur Fighter began the quest for the Orb.
     0 | D        | Reached XP level 1. HP: 19/19 MP: 0/0
    39 | D        | Noticed an ogre
    39 | D        | Noticed a jelly
    42 | D        | Killed an ogre
    43 | D        | Reached XP level 2. HP: 23/31 MP: 1/1
    43 | D        | Reached XP level 3. HP: 28/38 MP: 2/2
    43 | D        | Reached XP level 4. HP: 34/45 MP: 3/3
    45 | D        | Reached skill level 5 in Long Blades
    55 | D        | Found a snail-covered altar of Cheibriados.
    55 | D        | Found a shadowy altar of Dithmenos.
    55 | D        | Found a white marble altar of Elyvilon.
    55 | D        | Found a blossoming altar of Fedhas.
    55 | D        | Found an opulent altar of Gozag.
    56 | D        | Found a hazy altar of Hepliaklqana.
    57 | D        | Found a viscous altar of Jiyva.
    58 | D        | Found an ancient bone altar of Kikubaaqudgha.
    59 | D        | Found a corrupted altar of Lugonu.
    60 | D        | Found a burning altar of Makhleb.
    61 | D        | Found a sparkling altar of Nemelex Xobeh.
    62 | D        | Found an iron altar of Okawaru.
    63 | D        | Found a stormy altar of Qazlal.
    64 | D        | Found a sacrificial altar of Ru.
    65 | D        | Found a shimmering blue altar of Sif Muna.
    66 | D        | Found a bloodstained altar of Trog.
    67 | D        | Found a hide-covered altar of Uskayaw.
    68 | D        | Found a radiant altar of Vehumet.
    69 | D        | Found an ornate altar of the Wu Jian Council.
    70 | D        | Became a worshipper of Warmaster Okawaru
    71 | D        | Found a shimmering altar of Xom.
    72 | D        | Found a basalt altar of Yredelemnul.
    73 | D        | Found a glowing silver altar of Zin.
    74 | D        | Found a glowing golden altar of the Shining One.
    90 | D        | Got the +2 rapier "Elour" {flame, rN+ Stlth+}
   130 | D        | Noticed a two-headed ogre
   130 | D        | Noticed a centaur
   130 | D        | Noticed a wraith
   130 | D        | Noticed a kobold brigand
   130 | D        | Noticed a yak
   140 | D        | Reached XP level 5. HP: 34/53 MP: 4/4
   144 | D        | Killed a two-headed ogre
   145 | D        | Reached skill level 10 in Fighting
   145 | D        | Reached skill level 10 in Armour
   145 | D        | Reached skill level 1 in Dodging
   145 | D        | Reached XP level 6. HP: 39/67 MP: 5/5
   145 | D        | Reached XP level 7. HP: 43/73 MP: 6/6
   158 | D        | Killed a wraith
   164 | D        | Reached * piety under Okawaru
   165 | D        | Reached skill level 10 in Long Blades
   183 | D        | Killed a yak
   184 | D        | Reached skill level 10 in Shields
   184 | D        | Reached XP level 8. HP: 42/83 MP: 7/7
   323 | D        | Noticed a two-headed ogre
   323 | D        | Noticed a seven-headed hydra
   323 | D        | Noticed a boulder beetle
   323 | D        | Noticed a white ugly thing
   323 | D        | Noticed a deep elf pyromancer
   328 | D        | Killed a seven-headed hydra
   328 | D        | Reached ** piety under Okawaru
   329 | D        | Reached skill level 1 in Evocations
   330 | D        | Killed a two-headed ogre
   330 | D        | Reached *** piety under Okawaru
   331 | D        | Reached XP level 9. HP: 69/93 MP: 8/8
   335 | D        | Killed a white ugly thing
   338 | D        | Killed a deep elf pyromancer
   338 | D        | Reached **** piety under Okawaru
   339 | D        | Killed a boulder beetle
   442 | D        | Got the Exposition on Ill-starred Convocation
   455 | D        | Noticed a komodo dragon
   455 | D        | Noticed a komodo dragon
   455 | D        | Noticed a komodo dragon
   458 | D        | Noticed a komodo dragon
   460 | D        | Noticed a skyshark
   462 | D        | Killed a komodo dragon
   463 | D        | Reached XP level 10. HP: 98/104 MP: 6/9
   470 | D        | Reached skill level 1 in Invocations
   486 | D        | Reached skill level 15 in Fighting
   505 | D        | Killed a skyshark
   505 | D        | Reached ***** piety under Okawaru
   506 | D        | Reached skill level 15 in Armour
   506 | D        | Reached skill level 5 in Stealth
   507 | D        | Noticed a cane toad
   520 | D        | Killed a cane toad
   697 | D        | Noticed a cane toad
   697 | D        | Noticed a death yak
   709 | D        | Killed a cane toad
   713 | D        | Reached skill level 5 in Dodging
   728 | D        | Killed a death yak
   729 | D        | Reached skill level 15 in Long Blades
   741 | D        | Reached XP level 11. HP: 67/114 MP: 5/13
   753 | D        | Received a gift from Okawaru
   875 | D        | Noticed a dire elephant
   875 | D        | Noticed a dire elephant
   881 | D        | Reached skill level 5 in Invocations
   901 | D        | Killed a dire elephant
   910 | D        | Killed a dire elephant
  1202 | D        | Noticed Harold
  1218 | D        | Killed Harold
  1236 | D        | Noticed Urug
  1247 | D        | Killed Urug
  1376 | D        | Noticed an orc knight
  1376 | D        | Noticed an orc knight
  1387 | D        | Killed an orc knight
  1388 | D        | Noticed an orc high priest
  1391 | D        | Killed an orc knight
  1392 | D        | Noticed an orc sorcerer
  1395 | D        | Reached skill level 1 in Throwing
  1403 | D        | Killed an orc high priest
  1405 | D        | Noticed a sun demon
  1407 | D        | Killed an orc sorcerer
  1408 | D        | Reached XP level 12. HP: 96/128 MP: 11/18
  1492 | D        | Found Caxzeizu's Jewellery Emporium.
  1492 | D        | Noticed an orc high priest
  1507 | D        | Reached skill level 10 in Invocations
  1515 | D        | Found Wuapt's Magic Scroll Shoppe.
  1516 | D        | HP: 3/129 [sun demon[an orc high priest] (15)]
  1551 | D        | Killed an orc high priest
  1837 | D        | Reached skill level 5 in Evocations
  1853 | D        | Found Kehirph's Antique Armour Emporium.
  1857 | D        | Found Amais's General Store.
  1862 | D        | Noticed an orc high priest
  1869 | D        | Killed an orc high priest
  1870 | D        | Reached skill level 5 in Throwing
  1870 | D        | Reached skill level 15 in Shields
  1922 | D        | Noticed Erica
  1932 | D        | Killed Erica
  2214 | D        | Bought an amulet of regeneration for 330 gold pieces
  2221 | D        | Bought a scroll of enchant armour for 82 gold pieces
  2225 | D        | Bought the +0 cloak of Eleradoh {Will+ Str+3} for 327 gold
                  | pieces
  2225 | D        | Bought a potion of invisibility for 112 gold pieces
  2479 | D        | Noticed a tengu warrior
  2479 | D        | Noticed a centaur warrior
  2479 | D        | Noticed a centaur warrior
  2479 | D        | Noticed a centaur warrior
  2483 | D        | Killed a centaur warrior
  2484 | D        | Killed a centaur warrior
  2484 | D        | Noticed a centaur warrior
  2485 | D        | Killed a centaur warrior
  2487 | D        | Noticed a centaur warrior
  2489 | D        | Noticed a vampire mage
  2502 | D        | Killed a tengu warrior
  2507 | D        | Killed a centaur warrior
  2513 | D        | Killed a centaur warrior
  2521 | D        | Killed a vampire mage
  2528 | D        | Noticed an ettin
  2529 | D        | Noticed a sphinx
  2530 | D        | Noticed a stone giant
  2533 | D        | Noticed a stone giant
  2538 | D        | Killed an ettin
  2543 | D        | Killed a sphinx
  2543 | D        | Received a gift from Okawaru
  2552 | D        | Killed a stone giant
  2553 | D        | Reached XP level 13. HP: 112/140 MP: 12/21
  2554 | D        | Killed a stone giant
  2664 | D        | Noticed Azrael
  2672 | D        | Killed Azrael
  2727 | D        | Noticed a bunyip
  2727 | D        | Noticed a bunyip
  2737 | D        | Killed a bunyip
  2738 | D        | Reached skill level 10 in Throwing
  2743 | D        | Received a gift from Okawaru
  2747 | D        | Killed a bunyip
  2844 | D        | Noticed a merfolk javelineer
  2844 | D        | Noticed a merfolk impaler
  2848 | D        | Killed a merfolk javelineer
  2851 | D        | Noticed a merfolk impaler
  2856 | D        | Killed a merfolk impaler
  2856 | D        | Received a gift from Okawaru
  2857 | D        | Reached skill level 15 in Invocations
  2868 | D        | Killed a merfolk impaler
  2950 | D        | Reached XP level 14. HP: 39/154 MP: 24/24
  3092 | D        | Noticed Erolcha
  3098 | D        | Killed Erolcha
  3151 | D        | Noticed Frances
  3158 | D        | Killed Frances
  3176 | D        | Noticed a frost giant
  3176 | D        | Noticed a red very ugly thing
  3176 | D        | Noticed a stone giant
  3176 | D        | Noticed a fire giant
  3176 | D        | Noticed a vampire knight
  3177 | D        | Noticed a golden dragon
  3180 | D        | Killed a vampire knight
  3181 | D        | Killed a frost giant
  3181 | D        | Killed a red very ugly thing
  3182 | D        | Noticed a shadow dragon
  3183 | D        | Killed a stone giant
  3184 | D        | Killed a fire giant
  3184 | D        | Received a gift from Okawaru
  3188 | D        | Killed a golden dragon
  3196 | D        | Noticed a golden dragon
  3199 | D        | Killed a shadow dragon
  3201 | D        | Reached skill level 15 in Throwing
  3206 | D        | Killed a golden dragon
  3206 | D        | Reached ****** piety under Okawaru
  3207 | D        | Noticed a stone giant
  3217 | D        | Killed a stone giant
  3217 | D        | Received a gift from Okawaru
  3230 | D        | Noticed a frost giant
  3238 | D        | Noticed a fire giant
  3239 | D        | Killed a frost giant
  3244 | D        | Killed a fire giant
  3250 | D        | Received a gift from Okawaru
  3315 | D        | Noticed an ironbound thunderhulk
  3318 | D        | Killed an ironbound thunderhulk
  3327 | D        | Noticed an ironbound preserver
  3335 | D        | Killed an ironbound preserver
  3336 | D        | Noticed an ironbound preserver
  3342 | D        | Killed an ironbound preserver
  3354 | D        | Noticed an ironbound thunderhulk
  3356 | D        | Noticed a vault warden
  3359 | D        | Killed an ironbound thunderhulk
  3363 | D        | Killed a vault warden
  3365 | D        | Received a gift from Okawaru
  3369 | D        | Reached XP level 15. HP: 118/163 MP: 24/27
  3495 | D        | Noticed Boris
  3516 | D        | Killed Boris
  3654 | D        | Got the +1 demon blade "Ypliridd" {drain, Int+4 Dex+2
                  | Stlth+}
  3681 | D        | Got the +0 pair of gloves of the Kettle-Drum {Fly rC+}
  3782 | D        | Noticed Kirke
  3795 | D        | Killed Kirke
  3831 | D        | Identified the serpent talisman "Joos" {rF+}
  3831 | D        | Noticed Aizul
  3845 | D        | Killed Aizul
  3875 | D        | Received a gift from Okawaru
  3912 | D        | Got a decaying rune of Zot
  3944 | D        | Noticed an emperor scorpion
  3944 | D        | Noticed an emperor scorpion
  3957 | D        | Killed an emperor scorpion
  3974 | D        | Killed an emperor scorpion
  3989 | D        | Noticed an emperor scorpion
  4010 | D        | Killed an emperor scorpion
  4010 | D        | Received a gift from Okawaru
  4012 | D        | Noticed an emperor scorpion
  4013 | D        | Noticed an emperor scorpion
  4024 | D        | Killed an emperor scorpion
  4029 | D        | Killed an emperor scorpion
  4034 | D        | Got a gossamer rune of Zot
  4123 | D        | Noticed a nagaraja
  4124 | D        | Noticed a nagaraja
  4126 | D        | Noticed a nagaraja
  4130 | D        | Killed a nagaraja
  4131 | D        | Noticed a nagaraja
  4132 | D        | Noticed a nagaraja
  4134 | D        | Noticed a nagaraja
  4135 | D        | Killed a nagaraja
  4139 | D        | Killed a nagaraja
  4140 | D        | Reached skill level 10 in Dodging
  4147 | D        | Killed a nagaraja
  4151 | D        | Killed a nagaraja
  4162 | D        | Killed a nagaraja
  4169 | D        | Got a serpentine rune of Zot
  4309 | D        | Noticed Ilsuiw
  4318 | D        | Received a gift from Okawaru
  4321 | D        | Killed Ilsuiw
  4343 | D        | Reached XP level 16. HP: 174/174 MP: 23/28
  4359 | D        | Got a barnacled rune of Zot
  4422 | D        | Noticed Mennas
  4465 | D        | Killed Mennas
  4553 | D        | Reached skill level 10 in Evocations
  4586 | D        | Received a gift from Okawaru
  4788 | D        | Noticed an ancient lich
  4804 | D        | Killed an ancient lich
  4804 | D        | Received a gift from Okawaru
  4806 | D        | Noticed a shadow dragon
  4814 | D        | Noticed a shadow dragon
  4822 | D        | Killed a shadow dragon
  4830 | D        | Killed a shadow dragon
  4927 | D        | Found the +5 woodcutter's axe
  4927 | D        | Noticed a shadow dragon
  4927 | D        | Noticed a titan
  4927 | D        | Noticed a shadow dragon
  4934 | D        | Noticed a shadow dragon
  4949 | D        | Killed a shadow dragon
  4951 | D        | Noticed a tentacled monstrosity
  4958 | D        | Killed a shadow dragon
  4959 | D        | Killed a shadow dragon
  4959 | D        | Received a gift from Okawaru
  4960 | D        | Killed a titan
  4960 | D        | Killed a tentacled monstrosity
  4961 | D        | Reached skill level 15 in Dodging
  4968 | D        | Got a silver rune of Zot
  5037 | D        | Noticed Sojobo
  5037 | D        | Noticed a tengu reaver
  5038 | D        | Noticed a tengu reaver
  5051 | D        | Killed a tengu reaver
  5060 | D        | Killed Sojobo
  5061 | D        | Reached skill level 27 in Shields
  5061 | D        | Reached XP level 17. HP: 137/188 MP: 30/30
  5158 | D        | Acquired the +11 plutonium sword {^Contam Stlth-}
  5158 | D        | Received a gift from Okawaru
  5158 | D        | Found the +11 plutonium sword {^Contam Stlth-}
  5159 | D        | Acquired the scarf of Dim Light {shadows, +Inv Str+7}
  5159 | D        | Received a gift from Okawaru
  5183 | D        | Got the ring "Gopaorr" {rC+ Will+}
  5186 | D        | Got the amulet "Daemunnu" {RegenMP Harm Will++ Int-5}
  5189 | D        | Got the ring "Kuraac" {Int+6 Dex+4}
  5193 | D        | Got the amulet of Sarch {RegenMP +Blink rF+ rN+}
  5196 | D        | Got the ring "Coeklos" {rElec rN+ Dex+2 Slay+3}
  5207 | D        | Got the +5 demon blade of Balance {drain, +Blink Str+9
                  | Stlth-}
  5220 | D        | Got the +2 acid dragon scales of Funt {rC+ rCorr Dex+4}
  5413 | D        | Identified the orb of Existentialism {*channel, Will+ Str+2
                  | Slay-6}
  5413 | D        | Noticed Frederick
  5421 | D        | Killed Frederick
  5439 | D        | Noticed Jory
  5447 | D        | Killed Jory
  5447 | D        | Received a gift from Okawaru
  5447 | D        | Noticed Nikola
  5457 | D        | Killed Nikola
  5572 | D        | Noticed a bone dragon
  5599 | D        | Killed a bone dragon
  5643 | D        | Reached skill level 27 in Fighting
  5657 | D        | Received a gift from Okawaru
  5684 | D        | Noticed a tentacled monstrosity
  5685 | D        | Noticed a tentacled monstrosity
  5691 | D        | Noticed a curse toe
  5696 | D        | Killed a tentacled monstrosity
  5697 | D        | Reached skill level 15 in Evocations
  5702 | D        | Killed a tentacled monstrosity
  5706 | D        | Killed a curse toe
  5784 | D        | Noticed a tentacled monstrosity
  5799 | D        | Killed a tentacled monstrosity
  5819 | D        | Received a gift from Okawaru
  5954 | D        | Noticed a quicksilver dragon
  5978 | D        | Killed a quicksilver dragon
  5998 | D        | Reached skill level 27 in Long Blades
  6024 | D        | Noticed a tentacled monstrosity
  6036 | D        | Killed a tentacled monstrosity
  6048 | D        | Received a gift from Okawaru
  6266 | D        | Noticed an Orb Guardian
  6266 | D        | Noticed an Orb Guardian
  6266 | D        | Noticed an Orb Guardian
  6266 | D        | Noticed an Orb Guardian
  6266 | D        | Noticed an Orb Guardian
  6270 | D        | Killed an Orb Guardian
  6271 | D        | Reached XP level 18. HP: 200/200 MP: 31/31
  6279 | D        | Killed an Orb Guardian
  6280 | D        | Killed an Orb Guardian
  6281 | D        | Noticed an Orb Guardian
  6287 | D        | Killed an Orb Guardian
  6288 | D        | Noticed an Orb Guardian
  6294 | D        | Killed an Orb Guardian
  6300 | D        | Killed an Orb Guardian
  6300 | D        | Received a gift from Okawaru
  6302 | D        | Killed an Orb Guardian
  6303 | D        | Reached skill level 27 in Armour
  6303 | D        | Noticed an Orb Guardian
  6304 | D        | Noticed an Orb Guardian
  6305 | D        | Noticed an Orb Guardian
  6308 | D        | Killed an Orb Guardian
  6316 | D        | Killed an Orb Guardian
  6318 | D        | Killed an Orb Guardian
  6342 | D        | Noticed an Orb Guardian
  6342 | D        | Noticed an Orb Guardian
  6349 | D        | Noticed an Orb Guardian
  6350 | D        | Noticed an Orb Guardian
  6370 | D        | Killed an Orb Guardian
  6377 | D        | Killed an Orb Guardian
  6381 | D        | Killed an Orb Guardian
  6383 | D        | Killed an Orb Guardian
  6399 | D        | Noticed an ancient lich
  6407 | D        | Killed an ancient lich
  6407 | D        | Received a gift from Okawaru
  6408 | D        | Reached skill level 10 in Stealth
  7395 | D        | Noticed an orb of fire
  7409 | D        | Gained mutation: You sometimes lose your temper in combat.
                  | [an orb of fire]
  7420 | D        | Killed an orb of fire
  7421 | D        | Reached skill level 27 in Throwing
  7423 | D        | Noticed an electric golem
  7434 | D        | Killed an electric golem
  7438 | D        | Noticed an Orb Guardian
  7438 | D        | Noticed an ancient lich
  7438 | D        | Noticed an ancient lich
  7439 | D        | Noticed an electric golem
  7444 | D        | Killed an Orb Guardian
  7445 | D        | Killed an ancient lich
  7448 | D        | Killed an ancient lich
  7449 | D        | Noticed an orb of fire
  7451 | D        | Killed an electric golem
  7451 | D        | Received a gift from Okawaru
  7452 | D        | Gained mutation: You occasionally lose the ability to drink
                  | potions when taking damage. [an orb of fire]
  7459 | D        | Killed an orb of fire
  7459 | D        | Noticed an Orb Guardian
  7462 | D        | Noticed a Killer Klown
  7467 | D        | Killed an Orb Guardian
  7467 | D        | Noticed an Orb Guardian
  7476 | D        | Noticed an Orb Guardian
  7478 | D        | Killed a Killer Klown
  7498 | D        | Killed an Orb Guardian
  7514 | D        | Killed an Orb Guardian
  7584 | D        | Noticed an Orb Guardian
  7584 | D        | Noticed an Orb Guardian
  7584 | D        | Noticed an Orb Guardian
  7584 | D        | Noticed an Orb Guardian
  7584 | D        | Noticed an Orb Guardian
  7592 | D        | Killed an Orb Guardian
  7593 | D        | Noticed an Orb Guardian
  7597 | D        | Killed an Orb Guardian
  7616 | D        | Killed an Orb Guardian
  7617 | D        | Reached skill level 15 in Stealth
  7626 | D        | Killed an Orb Guardian
  7627 | D        | Killed an Orb Guardian
  7630 | D        | Killed an Orb Guardian
  7634 | D        | Noticed an Orb Guardian
  7635 | D        | Noticed an Orb Guardian
  7636 | D        | Noticed an Orb Guardian
  7644 | D        | Killed an Orb Guardian
  7645 | D        | Noticed an Orb Guardian
  7647 | D        | Killed an Orb Guardian
  7647 | D        | Received a gift from Okawaru
  7648 | D        | Reached XP level 19. HP: 158/207 MP: 32/32
  7659 | D        | Reached skill level 27 in Dodging
  7952 | D        | Received a gift from Okawaru
  8012 | D        | Got an elven rune of Zot
  8093 | D        | Noticed the Royal Jelly
  8100 | D        | Received a gift from Okawaru
  8119 | D        | Killed the Royal Jelly
  8227 | D        | Got a slimy rune of Zot
  8378 | D        | Received a gift from Okawaru
  8394 | D        | Reached skill level 27 in Evocations
  8656 | D        | Received a gift from Okawaru
  8793 | D        | Noticed a royal mummy
  8793 | D        | Noticed a royal mummy
  8793 | D        | Noticed a royal mummy
  8795 | D        | Killed a royal mummy
  8795 | D        | Noticed a royal mummy
  8798 | D        | Killed a royal mummy
  8799 | D        | Reached XP level 20. HP: 33/216 MP: 35/35
  8808 | D        | Killed a royal mummy
  8808 | D        | HP: 4/216 [royal mummy/divine providence (13)]
  8809 | D        | Killed by a guardian mummy's death curse

Illustrated notes

Levels and vault maps discovered:
D:        linesprint [early_d, line_temple, items_1, d_10, items_2, lair_1,
          lair_end, items_3, orc_1, orc_end, items_4, d_15, swamp_1, shoals_1,
          snake_1, spider_1, d_20, vaults_1, items_5, swamp_end, shoals_end,
          snake_end, spider_end, vaults_end, d_27, items_6, zot_1, zot_end,
          crypt_end, forest_end, elf_end, slime_end, tomb_end, abyss_end,
          pan_hell_end]

Skill      XL: |  1  2  3  4  5  6  7  8  9 10 11 12 13 14 15 16 17 18 19 20 |
---------------+-------------------------------------------------------------+-----
Fighting       | 6 7 10 11 13 14 16 18 20 22 23 24 26 27 | 27.0
Armour         | 6 7 10 11 13 14 15 16 17 18 20 22 26 27 | 27.0
Shields        | 6 7 9 10 11 12 13 14 15 16 17 22 27 | 27.0
Long Blades    | 4 5 9 10 12 13 15 17 19 20 21 24 27 | 27.0
Dodging        | 1 3 4 5 6 11 15 20 26 27 | 27.0
Stealth        | 2 3 4 5 6 7 15 25 26 | 26.1
Evocations     | 2 3 4 5 9 13 17 22 27 | 27.0
Invocations    | 4 9 12 15 18 19 20 24 25 | 25.0
Throwing       | 1 9 13 20 22 25 27 | 27.0

Action                     |  1- 3 |  4- 6 |  7- 9 | 10-12 | 13-15 | 16-18 | 19-21 || total
---------------------------+-------+-------+-------+-------+-------+-------+-------++-------
  Melee: Long sword        |    18 |     6 |       |       |       |       |       ||    24
         Headbutt          |     2 |     4 |     9 |   110 |    79 |   214 |    98 ||   516
         Scimitar          |       |     5 |    13 |   351 |   133 |   270 |       ||   772
         Rapier            |       |     7 |    42 |       |       |       |       ||    49
         Demon blade       |       |       |       |       |   142 |   478 |   268 ||   888
  Throw: Dart              |       |       |       |     4 |       |     1 |       ||     5
         Javelin           |       |       |       |    27 |    64 |    37 |    25 ||   153
         Boomerang         |       |       |       |    18 |   157 |    49 |    34 ||   258
         Throwing net      |       |       |       |     1 |     1 |     4 |       ||     6
 Invoke: Heroism           |       |       |     2 |    16 |    16 |     2 |       ||    36
         Finesse           |       |       |       |     7 |    12 |     3 |     1 ||    23
         Receive Weapon    |       |       |       |       |       |     1 |       ||     1
         Receive Armour    |       |       |       |       |       |     1 |       ||     1
Ability: Evoke Invisibilit |       |       |       |       |       |     1 |       ||     1
  Evoke: Wand              |       |       |     7 |     3 |       |       |       ||    10
    Use: Potion            |     1 |     2 |     2 |     4 |       |     3 |     1 ||    13
         Scroll            |       |       |       |     4 |    11 |     1 |       ||    16
   Stab: Invisible         |       |     2 |       |       |       |     1 |       ||     3
         Held in net/web   |       |       |       |     2 |     2 |     3 |       ||     7
 Armour: Scale mail        |     8 |     2 |       |       |       |       |       ||    10
         Chain mail        |       |     6 |    41 |    97 |       |       |       ||   144
         Plate armour      |       |       |       |    31 |   120 |   157 |    41 ||   349
  Dodge: Dodged            |     5 |     2 |    14 |    76 |    63 |   124 |    76 ||   360
  Block: Buckler           |     2 |     1 |    18 |    74 |    30 |       |       ||   125
         Tower shield      |       |       |       |       |   140 |   444 |   225 ||   809
